 Dungeon Crawl Stone Soup version 0.31-a0-102-g33a4ccc0cb (webtiles) character file.

Game seed: 3191014980550574106

2 Esekla the Sneak (level 1, -2/16 HPs)
             Began as an Octopode Delver on May 26, 2023.
             Slain by an iguana (5 damage)
             ... on level 5 of the Dungeon.
             The game lasted 00:00:52 (83 turns).

Esekla the Sneak (Octopode Delver)                    Turns: 83, Time: 00:00:52

Health: -2/16      AC:  1    Str: 11    XL:     1   Next: 30%
Magic:  1/1        EV: 13    Int: 12    God:
Gold:   0          SH:  0    Dex: 13    Spells: 0/0 levels left

rFire   . . .        a - +0 falchion
rCold   . . .        (no shield)
rNeg    . . .        (helmet restricted)
rPois   .            (no amulet)
rElec   .            (no ring)
rCorr   .            (no ring)
SInv    .            (no ring)
Will    .....        (no ring)
Stlth   ++++         (no ring)
HPRegen 0.22/turn    (no ring)
MPRegen 0.07/turn    (no ring)
                     (no ring)

%: no passive effects
@: no status effects
A: almost no armour, amphibious, 8 rings, camouflage 1, gelatinous body 1,
(nimble swimmer 1), tentacles
a: no special abilities


You were on level 5 of the Dungeon.
You visited 1 branch of the dungeon, and saw 1 of its levels.

Inventory:

Hand Weapons
 a - a +0 falchion (weapon)
Wands
 f - a wand of digging (2)
Scrolls
 b - a scroll of fog
 c - a scroll of immolation {unknown}
 d - a scroll of fear
 g - a scroll of identify {unknown}
Potions
 e - a potion of haste


   Skills:
 * Level 3.0 Fighting
 * Level 2.0 Long Blades
 * Level 2.0 Dodging
 + Level 6.6 Stealth


You couldn't memorise any spells.
You didn't know any spells.
Your spell library was empty.

Dungeon Overview and Level Annotations

Branches:
Dungeon (5/15)
 Temple: D:4-7

Altars:
Ashenzari
Zin


Innate Abilities, Weirdness & Mutations

You cannot wear most types of armour.
You are amphibious.
You can wear up to eight rings at the same time.
Your skin changes colour to match your surroundings (Stealth+).
Your rubbery body absorbs attacks. (AC +1, EV +1)
((You are camouflaged when in or above water. (Stealth+)))
You have tentacles for arms and can constrict up to eight enemies at once.


Message History

The orc is almost dead.
The orc barely misses you.
You hit the orc but do no damage. You grab the orc. You squeeze the orc.
You kill the orc!
There is a glowing silver altar of Zin here.
Aiming: Dig
Press: ? - help, Shift-Dir - straight line An iron grate.
The damaged grate falls apart.
c - a scroll labelled PUCHUCHE YN TETT
g - a scroll labelled PORRAAM BOO
There is a glowing silver altar of Zin here.
There is an open door here.
There is an open door here.
You hear the slow rusting of a distant drain.
Found a flail.
An iguana comes into view.
Found a stone staircase leading down.
You open the door.
Found a broken altar of Ashenzari.
You hit the iguana but do no damage. You grab the iguana.
You constrict the iguana. The iguana closely misses you.
You hit the iguana. Your squeeze misses the iguana.
The iguana is lightly wounded.
You constrict the iguana, but do no damage.
The iguana bites you!
Ouch! That really hurt!
* * * LOW HITPOINT WARNING * * *
You hit the iguana.
The iguana is heavily wounded.
You constrict the iguana, but do no damage.
The iguana closely misses you. x2
You hit the iguana.
The iguana is severely wounded.
You constrict the iguana, but do no damage.
The iguana barely misses you.
You hit the iguana but do no damage.
The iguana is severely wounded.
You constrict the iguana. The iguana bites you.
You die...

**,,,,,,,,* *,* ********,*
*,* *,* ***** *,* *,#**,,,*
*,* *,#.,,,,* *,* *.#..,,,*
*,* *.....,,* *,*
*..5.####### *.#
*....#_'@l.# *.#
*....#####.# *.#
*********.....,,*#.# *.#
,,,,,,,,,.#..,,,*#.# *.#
**********#.,,,,##.####.###
,,,,,,,,,..,,,,,#......>..#
******,**#******######..###
*,* #..# *,* #..#


You could see an iguana and a white imp (asleep).

Vanquished Creatures
  An orc (D:5)
1 creature vanquished.

Notes
Turn   | Place    | Note
-------+----------+-------------------------------------------
     0 | D:5      | Esekla the Octopode Delver began the quest for the Orb.
     0 | D:5      | Reached XP level 1. HP: 16/16 MP: 1/1
    17 | D:5      | Found a glowing silver altar of Zin.
    55 | D:5      | Noticed an iguana
    78 | D:5      | Found a broken altar of Ashenzari.
    83 | D:5      | Slain by an iguana

Illustrated notes

Levels and vault maps discovered:
D:5:      layout_basic, zin_scriptorium, ashenzari_conservatory_becter,
          portal_sewer_entry_f, lightli_minifort, uniq_menkaure, uniq_grinder

Action                     || total
---------------------------++-------
  Melee: Falchion          ||     7
         Constrict         ||     2
         Tentacles         ||     2
  Evoke: Wand              ||     1
    Use: Scroll            ||     1
  Dodge: Dodged            ||     5

Table legend: (Time is in decaauts)
 A = Elapsed time spent in this place.
 B = Non-inter-level travel time spent in this place.
 C = Inter-level travel time spent in this place.
 D = Time resting spent in this place.
 E = Time spent auto-exploring this place.
 F = Levels seen in this place.
 G = Mean time per level.
                   A        B        C        D        E       F      G
               +--------+--------+--------+--------+--------+-----+--------+
         Total |     84 |     84 |      0 |      0 |      0 |   1 |   84.0 |
       Dungeon |     84 |     84 |      0 |      0 |      0 |   1 |   84.0 |
               +--------+--------+--------+--------+--------+-----+--------+

Top non-repeatable levels by time:
     D:5: 84 daAuts
